 Dungeon Crawl Stone Soup version 0.28.0-53-g5a82cb258f (webtiles) character file.

Game seed: 12138033433502719801

23502 Diggabert the Cruncher (level 13, -5/72 HPs)
             Began as a Vine Stalker Gladiator on Aug 13, 2022.
             Was an Elder of the Shining One.
             Engulfed by a cloud of freezing vapour (15 damage)
             ... in an ice cave.
             The game lasted 00:27:53 (11732 turns).

Diggabert the Cruncher (Vine Stalker Gladiator)    Turns: 11732, Time: 00:27:53

Health: -5/72      AC: 14    Str: 22    XL:     13   Next: 7%
Magic:  0/18       EV: 16    Int: 11    God:    the Shining One [****..]
Gold:   527        SH:  0    Dex: 16    Spells: 10/12 levels left

rFire   . . .      SeeInvis .   a - +0 quarterstaff
rCold   . . .      Faith    .   (shield currently unavailable)
rNeg    + + .      Spirit   +   Q - +0 troll leather armour
rPois   .          Reflect  .   c - +0 helmet
rElec   .          Harm     .   W - +2 cloak "Ketrury" {Int+3 Stlth-}
rCorr   .          Rampage  .   O - +0 pair of gloves
Will    +....                   r - +0 pair of boots
Stlth   ..........              D - amulet of regeneration
HPRegen 2.62/turn               q - +4 ring of protection
MPRegen 0.16/turn               B - +4 ring of slaying

@: slowed, glowing, studying Armour, very slow
A: fangs 3, regeneration 1, magic shield, antimagic bite, no potion heal 2
a: Renounce Religion, Divine Shield, Cleansing Flame


You were in an ice cave.
You worshipped the Shining One.
The Shining One was greatly pleased with you.
You visited 3 branches of the dungeon, and saw 15 of its levels.
You also visited: Ice Cave.

You collected 945 gold pieces.
You spent 418 gold pieces at shops.

Inventory:

Hand Weapons
 a - a +0 quarterstaff (weapon)
 x - a +0 trident
 P - a +0 halberd
 S - a +3 dagger of distortion
Missiles
 d - 9 throwing nets
 u - 46 poisoned darts (quivered)
 y - 6 curare-tipped darts
 R - 10 javelins
Armour
 c - a +0 helmet (worn)
 r - a +0 pair of boots (worn)
 O - a +0 pair of gloves (worn)
 Q - a +0 troll leather armour (worn)
 W - the +2 cloak "Ketrury" (worn) {Int+3 Stlth-}
   (You found it on level 2 of the Lair of Beasts)

   Int:       It affects your intelligence (+3).
   Stlth:     It makes you less stealthy.
Jewellery
 q - a +4 ring of protection (left hand)
 B - a +4 ring of slaying (right hand)
 D - an amulet of regeneration (around neck)
 H - a +4 ring of protection
 N - a ring of fire
 U - a ring of protection from fire
Wands
 b - a wand of mindburst (11)
 v - a wand of digging (1)
 w - a wand of flame (18)
 E - a wand of iceblast (26)
 I - a wand of charming (26)
 L - a wand of paralysis (25)
Scrolls
 f - a scroll of holy word {unknown}
 g - 4 scrolls of enchant weapon {unknown}
 h - 2 scrolls of enchant armour {unknown}
 i - 4 scrolls of noise {unknown}
 j - 5 scrolls of summoning {unknown}
 m - a scroll of amnesia {unknown}
 n - 2 scrolls of blinking {unknown}
 o - 2 scrolls of fear {unknown}
 G - 3 scrolls of torment {unknown}
 J - 2 scrolls of teleportation {unknown}
 K - a scroll of immolation {unknown}
 M - 5 scrolls of fog {unknown}
Potions
 e - 6 potions of lignification
 k - 2 potions of brilliance
 p - 3 potions of berserk rage
 s - 4 potions of curing
 t - 3 potions of cancellation
 z - a potion of haste
 A - 2 potions of mutation
 F - a potion of might {unknown}
 T - a potion of attraction {unknown}


   Skills:
 * Level 9.9 Fighting
 * Level 14.4 Staves
 - Level 1.7 Throwing
 * Level 7.8 Dodging
 - Level 0.3 Shields
 * Level 6.4 Invocations


You had 10 spell levels left.
You knew the following spells:

 Your Spells              Type           Power      Damage    Failure   Level
a - Blink                 Tloc           0%         N/A       52%         2

Your spell library contained the following spells:

 Spells                   Type           Power      Damage    Failure   Level
 Animate Skeleton         Necr           0%         N/A       38%         1
 Pain                     Necr           0%         1d4       38%         1
 Sandblast                Erth           0%         2d4       38%         1
 Slow                     Hex            0%         N/A       38%         1
 Passwall                 Tmut/Erth      0%         N/A       52%         2
 Sublimation of Blood     Necr           0%         N/A       52%         2
 Wereblood                Tmut           0%         N/A       52%         2
 Confusing Touch          Hex            0%         N/A       77%         3
 Frozen Ramparts          Ice            0%         1d2       77%         3
 Ignite Poison            Fire/Tmut/Pois 0%         N/A       77%         3
 Inner Flame              Hex/Fire       0%         N/A       77%         3
 Lesser Beckoning         Tloc           0%         N/A       77%         3
 Mephitic Cloud           Conj/Pois/Air  0%         N/A       77%         3
 Stone Arrow              Conj/Erth      0%         3d7       77%         3
 Vampiric Draining        Necr           0%         2d6       77%         3
 Cause Fear               Hex            0%         N/A       99%         4
 Ice Form                 Ice/Tmut       0%         N/A       99%         4
 Leda's Liquefaction      Hex/Erth       0%         N/A       99%         4
 Summon Ice Beast         Ice/Summ       0%         N/A       99%         4
 Freezing Cloud           Conj/Ice/Air   0%         6-21      100%        5
 Lee's Rapid Deconstruct  Erth           0%         3d5*      100%        5
 Manifold Assault         Tloc           0%         N/A       100%        5
 Statue Form              Tmut/Erth      0%         N/A       100%        6
 Summon Hydra             Summ           0%         N/A       100%        7
 Discord                  Hex            0%         N/A       100%        8


Dungeon Overview and Level Annotations

Branches:
Dungeon (11/15)            Temple (1/1) D:4            Lair (3/6) D:11
  Swamp (0/4) Lair:2        Snake (0/4) Lair:2        IceCv (1/1)
    Orc: D:9-12

Altars:
Elyvilon
The Shining One

Shops:
D:2 :   D:6 =   D:8 !   D:10 *

Portals:
Abyss: Lair:1

Annotations:
Lair:1 2 transporters, jjjjhere's ghost, novice DDFi


Innate Abilities, Weirdness & Mutations

You have razor-sharp teeth.
Your natural rate of healing is unusually fast.
When hurt, damage is shared between your health and your magic reserves.
Your bite disrupts and absorbs the magic of your enemies.
Potions cannot restore your health.


Message History

The ice devil is heavily wounded.
You sock the ice devil! Your bite misses the ice devil.
The ice devil is almost dead.
The ice devil hits you! The ice devil freezes you!
You sock the ice devil!
You kill the ice devil!
The Shining One accepts your kill.
You hit the freezing wraith.
The freezing wraith is lightly damaged.
The freezing wraith hits you. The freezing wraith freezes you!
The freezing wraith barely misses you.
You thump the freezing wraith! Your bite misses the freezing wraith.
The freezing wraith is moderately damaged.
You hit the freezing wraith.
You bite the freezing wraith, but do no damage.
The freezing wraith is moderately damaged.
The freezing wraith hits you but does no damage.
The freezing wraith hits you. The freezing wraith drains your vigour!
You feel yourself slow down.
You barely miss the freezing wraith.
You bite the freezing wraith, but do no damage.
The freezing wraith is moderately damaged.
You are engulfed in freezing vapours.
The freezing wraith hits you but does no damage.
The freezing wraith barely misses you.
You hit the freezing wraith but do no damage.
You bite the freezing wraith. You drain its power.
You feel invigorated.
The freezing wraith is moderately damaged.
You are engulfed in freezing vapours.
The freezing wraith hits you. The freezing wraith freezes you!
* * * LOW HITPOINT WARNING * * *
The freezing wraith hits you.
* * * LOW HITPOINT WARNING * * *
The freezing wraith drains your vigour!
You feel as though you will be slow longer.
You completely miss the freezing wraith.
You bite the freezing wraith, but do no damage.
The freezing wraith is moderately damaged.
You are engulfed in freezing vapours.
You die...

#..........###.....
#.∩.∩.......#......
#.......##....#
##....#####☼.##
##..###.#○°##
#####§§☼○°##
#§§§○...# #§§.○.###
#.#@### ##§W# ##Z.
.... ..... ......#
....... #.......#


You could see a freezing wraith and a naga simulacrum.

Vanquished Creatures
  Harold (D:7)
  3 hydras
  A two-headed ogre (D:9)
  A centaur warrior (D:11)
  Urug (D:10)
  4 skeletal warriors (D:11)
  2 bog bodies (Lair:2)
  An ugly thing (D:11)
  A wolf spider (Lair:1)
  Maurice (D:8)
  An ice statue (D:9)
  Joseph (D:8)
  An unseen horror (D:10)
  Psyche (D:11)
  4 cane toads
  3 komodo dragons (Lair:1)
  An ice devil (IceCv)
  A troll (D:10)
  2 hornets
  A polar bear (Lair:2)
  16 yaks
  A wraith (D:6)
  Grum (D:8)
  Edmund (D:4)
  A basilisk (Lair:1)
  A steam dragon (D:9)
  4 nagas
  7 water moccasins
  2 orc warriors
  Duvessa (D:4)
  3 ice beasts
  A black bear (Lair:2)
  10 necrophages
  A hornet zombie (D:6)
  2 ogres (D:5)
  9 centaurs
  8 wolves
  3 kobold brigands
  Blork the orc (D:5)
  7 bullfrogs
  A gnoll sergeant (D:10)
  5 scorpions
  A cane toad simulacrum (IceCv)
  Dowan (D:4)
  4 killer bees (D:7)
  An elephant simulacrum (IceCv)
  An electric eel (Lair:2)
  4 howler monkeys
  A bullfrog zombie (D:5)
  4 centaur zombies
  2 hounds (D:5)
  A jelly (D:2)
  4 bullfrog skeletons
  8 orc priests
  6 iguanas
  Ijyb (D:5)
  9 orc wizards
  2 polar bear simulacra (IceCv)
  A killer bee zombie (D:7)
  A hound zombie (D:5)
  A hound skeleton (D:4)
  2 howler monkey zombies
  6 gnolls
  13 adders
  An ufetubus (D:5)
  An adder skeleton (D:4)
  2 worms (D:4)
  4 dart slugs
  46 orcs
  6 ball pythons
  2 bats (D:3)
  6 endoplasms
  2 giant cockroaches
  9 goblins
  12 hobgoblins
  4 jackals (D:4)
  26 kobolds
  4 quokkas
  2 frilled lizards
  5 rats
324 creatures vanquished.

Vanquished Creatures (others)
  7 fungi (Lair:1)
  58 plants
65 creatures vanquished.

Grand Total: 389 creatures vanquished

Notes
Turn   | Place    | Note
-------+----------+-------------------------------------------
     0 | D:1      | Diggabert the Vine Stalker Gladiator began the quest for
                  | the Orb.
     0 | D:1      | Reached XP level 1. HP: 11/11 MP: 2/2
   456 | D:1      | Reached XP level 2. HP: 15/15 MP: 3/3
   884 | D:1      | Reached skill level 3 in Staves
  1347 | D:2      | Reached XP level 3. HP: 18/18 MP: 4/4
  1383 | D:2      | Found a faded altar of an unknown god.
  1521 | D:2      | Found Kumunaif's Book Boutique.
  1682 | D:2      | Gained mutation: Your natural rate of healing is unusually
                  | fast. [Vine Stalker growth]
  1682 | D:2      | Reached XP level 4. HP: 19/23 MP: 5/5
  2669 | D:4      | Reached skill level 4 in Staves
  2672 | D:4      | Noticed a scorpion
  2723 | D:4      | Noticed a necrophage
  2731 | D:4      | Killed a necrophage
  2732 | D:4      | Reached XP level 5. HP: 18/27 MP: 3/6
  2740 | D:4      | Reached XP level 6. HP: 4/32 MP: 4/7
  2802 | D:4      | Noticed Edmund
  2802 | D:4      | Noticed an ice beast
  2819 | D:4      | Killed Edmund
  2820 | D:4      | Reached skill level 5 in Staves
  2829 | D:4      | Killed an ice beast
  2830 | D:4      | Reached XP level 7. HP: 17/36 MP: 8/8
  2857 | D:4      | Noticed Dowan
  2858 | D:4      | Noticed Duvessa
  2871 | D:4      | Killed Duvessa
  2872 | D:4      | Reached skill level 6 in Staves
  2873 | D:4      | Killed Dowan
  2958 | D:4      | Found a glowing golden altar of the Shining One.
  2964 | D:4      | Became a worshipper of the Shining One
  3114 | D:4      | Found a staircase to the Ecumenical Temple.
  3124 | Temple   | Entered the Ecumenical Temple
  3384 | D:4      | Gained mutation: You have razor-sharp teeth. [Vine Stalker
                  | growth]
  3384 | D:4      | Reached XP level 8. HP: 28/42 MP: 9/9
  3397 | D:4      | Reached skill level 1 in Invocations
  3518 | D:4      | Reached skill level 7 in Staves
  3638 | D:4      | Reached * piety under the Shining One
  3680 | D:5      | Entered Level 5 of the Dungeon
  3832 | D:5      | Reached skill level 8 in Staves
  3863 | D:5      | Found a white marble altar of Elyvilon.
  3892 | D:5      | Noticed Blork the orc
  3899 | D:5      | Killed Blork the orc
  3902 | D:5      | Reached XP level 9. HP: 44/46 MP: 11/11
  4072 | D:5      | Noticed Ijyb
  4079 | D:5      | Killed Ijyb
  4325 | D:6      | Reached skill level 5 in Fighting
  4328 | D:6      | Reached skill level 9 in Staves
  4378 | D:6      | Found Meuzumn's Jewellery Boutique.
  4386 | D:6      | Bought an amulet of regeneration for 360 gold pieces
  4483 | D:6      | Reached ** piety under the Shining One
  4839 | D:6      | Reached skill level 5 in Dodging
  5398 | D:7      | Reached skill level 10 in Staves
  5410 | D:7      | Reached XP level 10. HP: 50/53 MP: 11/13
  5640 | D:7      | Noticed Harold
  5652 | D:7      | Killed Harold
  6251 | D:8      | Noticed Maurice
  6263 | D:8      | Killed Maurice
  6336 | D:8      | Noticed Grum
  6360 | D:8      | Killed Grum
  6437 | D:8      | Noticed Joseph
  6452 | D:8      | Killed Joseph
  6453 | D:8      | Reached skill level 11 in Staves
  6853 | D:8      | Found Zakh's Distillery.
  6948 | D:8      | Reached *** piety under the Shining One
  7333 | D:9      | Noticed an ice statue
  7334 | D:9      | Noticed a two-headed ogre
  7342 | D:9      | Killed a two-headed ogre
  7343 | D:9      | Reached XP level 11. HP: 52/58 MP: 12/15
  8189 | D:10     | Entered Level 10 of the Dungeon
  8417 | D:10     | Reached skill level 12 in Staves
  8490 | D:10     | Paralysed by a hornet for 2 turns
  8640 | D:10     | Noticed Urug
  8647 | D:10     | Killed Urug
  8779 | D:10     | Learned a level 2 spell: Blink
  8806 | D:10     | Found Nuetuy's Assorted Antiques.
  8843 | D:10     | Bought a scroll labelled GECZOLI XAETI for 29 gold pieces
  8843 | D:10     | Bought a scroll labelled FUPYKH PIZXIHU for 29 gold pieces
  9003 | D:11     | Noticed a centaur warrior
  9245 | D:11     | Noticed a skeletal warrior
  9245 | D:11     | Noticed a skeletal warrior
  9254 | D:11     | Noticed a skeletal warrior
  9256 | D:11     | Killed a skeletal warrior
  9257 | D:11     | Reached skill level 5 in Invocations
  9260 | D:11     | Noticed a skeletal warrior
  9267 | D:11     | Killed a skeletal warrior
  9289 | D:11     | Killed a skeletal warrior
  9300 | D:11     | Killed a skeletal warrior
  9343 | D:11     | Killed a centaur warrior
  9344 | D:11     | Reached XP level 12. HP: 63/65 MP: 14/17
  9345 | D:11     | Reached skill level 13 in Staves
  9537 | D:11     | Found a staircase to the Lair.
  9588 | D:11     | Noticed a two-headed ogre
  9588 | D:11     | Noticed a catoblepas
  9588 | D:11     | Noticed a boulder beetle
  9588 | D:11     | Noticed a death knight
  9868 | D:11     | Noticed Psyche
  9875 | D:11     | Killed Psyche
  9945 | Lair:1   | Entered Level 1 of the Lair of Beasts
  9975 | Lair:1   | Noticed a four-headed hydra
  9996 | Lair:1   | Killed a four-headed hydra
 10181 | Lair:1   | Found a transporter.
 10185 | Lair:1   | Found a one-way gate to the infinite horrors of the Abyss.
 10185 | Lair:1   | Noticed jjjjhere's ghost (novice DDFi)
 10197 | Lair:1   | Found a transporter.
 10203 | Lair:1   | Noticed a large abomination
 10203 | Lair:1   | Reached **** piety under the Shining One
 10621 | Lair:1   | Noticed a hell hog
 10626 | Lair:1   | Noticed a two-headed ogre
 10626 | Lair:1   | a cyclops changed into a two-headed ogre
 10687 | Lair:2   | Noticed an eight-headed hydra
 10712 | Lair:2   | Killed an eight-headed hydra
 10792 | Lair:2   | Noticed a seven-headed hydra
 10826 | Lair:2   | Killed a seven-headed hydra
 10840 | Lair:2   | Reached skill level 14 in Staves
 10912 | Lair:2   | Found a staircase to the Snake Pit.
 11124 | Lair:2   | Identified the +2 cloak "Ketrury" {Int+3 Stlth-}
 11171 | Lair:2   | Found a staircase to the Swamp.
 11181 | Lair:2   | Reached XP level 13. HP: 71/71 MP: 18/18
 11684 | Lair:3   | Found a frozen archway.
 11691 | IceCv    | Entered an ice cave
 11732 | IceCv    | Engulfed by a cloud of freezing vapour

Illustrated notes

Levels and vault maps discovered:
D:1:      zaba_arrival_water, layout_loops_corners
D:2:      layout_loops_ring, serial_shops, nicolae_shop_hallway_plus,
          shapermc_ecumenical_altar_mp_highgroup
D:3:      layout_loops_cross, serial_bayou, serial_bayou_pond_b,
          serial_bayou_lagoon_b, serial_bayou_pond_d, serial_bayou_ford_a,
          minmay_fractal_squares_5
D:4:      minmay_thinvault, layout_layer_cave, mainiacjoe_overflow_alcove_1,
          temple_statues, chequers_jeans, uniq_edmund, uniq_duvessa
D:5:      layout_basic, mainiacjoe_overflow_small_starburst, uniq_blork_the_orc,
          uniq_ijyb
D:6:      wander_river, layout_cave_pods, serial_shops, shop, minmay_circle_x
D:7:      layout_basic, grunt_decor_arrowhead, hangedman_glass_teeth,
          uniq_harold
D:8:      layout_layer_cave, serial_shops, shop_fountains,
          hangedman_abyss_or_decor_stagger, minmay_misc_feat_pillars,
          uniq_maurice, uniq_joseph, uniq_grum
D:9:      layout_stronghold, minmay_misc_feat_rows,
          nicolae_concentric_dashed_squares_mild, minivault_15,
          evilmike_butchery
D:10:     layout_loops_cross, serial_shops, nicolae_shop_overgrown_old_shop,
          kennysheep_generic_room_2, uniq_urug
D:11:     layout_roguey, lair_entry_dummy, grunt_ministairs_9,
          lightli_corner_chamber, uniq_psyche
Temple:   mainiacjoe_temple_big_plus
Lair:1:   minmay_lair_venomous_thicket, layout_loops_ring,
          gammafunk_ghost_abyssal_escape
Lair:2:   wad_woods_pond, layout_chaotic_city, skrybe_swamp_entry_bodies,
          minmay_snake_entry_guardpost_large, roderic_carrion_pond
Lair:3:   layout_roguey, portal_ice_cave_entry_pillars_2, serial_bayou_shore_b
IceCv:    ice_cave_small_necro

Skill      XL: |  1  2  3  4  5  6  7  8  9 10 11 12 |
---------------+-------------------------------------+-----
Staves         | 3 4 5 6 8 10 11 12 14 | 14.4
Fighting       | 2 3 4 5 6 8 9 |  9.9
Dodging        | 3 4 5 6 7 |  7.8
Invocations    | 2 3 4 5 6 |  6.4
Throwing       | |  1.7
Shields        | |  0.3

Action                   |  1- 3 |  4- 6 |  7- 9 | 10-12 | 13-15 || total
-------------------------+-------+-------+-------+-------+-------++-------
Melee: Quarterstaff      |    64 |   101 |   274 |   487 |    37 ||   963
       Bite              |    14 |    30 |    97 |   235 |    20 ||   396
Throw: Throwing net      |       |     4 |       |       |       ||     4
       Dart              |       |       |       |     5 |       ||     5
Invok: Divine Shield     |       |       |       |     6 |       ||     6
       Cleansing Flame   |       |       |       |     1 |       ||     1
  Use: Scroll            |       |       |     4 |     5 |       ||     9
       Potion            |       |       |       |     1 |       ||     1
 Stab: Sleeping          |       |     1 |       |       |       ||     1
       Held in net/web   |       |     4 |       |       |       ||     4
Armor: Leather armour    |    28 |    20 |    78 |    57 |       ||   183
       Troll leather arm |       |       |       |    73 |    18 ||    91
Dodge: Dodged            |    38 |    63 |   191 |   252 |    26 ||   570
Block: Other             |       |       |       |    24 |       ||    24
